 Dungeon Sprint DCSS version 0.19-a0-1922-g1e9a4c1 (webtiles) character file.

2153 poirepourri the Unseen (level 9, -7/41 HPs)
             Began as a Spriggan Enchanter on Oct 24, 2016.
             Was a Believer of Dithmenos.
             Shot with an arrow by a centaur warrior (20 damage)
             ... in the Dungeon (Sprint III: "The Ten Rune Challenge").
             The game lasted 00:01:54 (469 turns).

poirepourri the Unseen (Spriggan Enchanter)          Turns: 469, Time: 00:01:56

Health: -7/41      AC:  4    Str:  4    XL:     9   Next: 10%
Magic:  20/22      EV: 26    Int: 16    God:    Dithmenos [**....]
Gold:   9          SH:  0    Dex: 20    Spells: 2 memorised, 21 levels left

rFire  . . .     SeeInvis +     l - +1 dagger (drain)
rCold  . . .     Gourm    .     b - +2 robe
rNeg   . . .     Faith    .     (shield restricted)
rPois  .         Spirit   .     (helmet restricted)
rElec  .         Reflect  .     (no cloak)
rCorr  .         Harm     .     (gloves unavailable)
MR     +....     NoTele   +     (boots unavailable)
Stlth  +++++++++.               (no amulet)
                                (no ring)
                                (no ring)

@: wreathed by umbra, very quick
A: unfitting armour, see invisible, herbivore 3, speed 3, slow metabolism 2
a: Shadow Step, Renounce Religion


You were in the Dungeon.
You worshipped Dithmenos.
Dithmenos was pleased with you.
You were not hungry.

You visited 1 branch You collected 9 gold pieces.

Inventory:

Hand Weapons
 l - a +1 dagger of draining (weapon)
Armour
 b - a +2 robe (worn)
Wands
 q - a wand of hasting (5/9)
Scrolls
 n - a scroll of remove curse
Potions
 a - a potion of berserk rage
 e - 2 potions of curing
 f - a potion of heal wounds
 g - a potion of haste
 h - 2 potions of magic
 i - 2 potions of mutation
 m - 2 potions of cure mutation
 o - 2 potions of might
 p - a potion of flight
Books
 c - a book of Maledictions

   Spells                             Type                      Level
   a - Corona                         Hexes                        1
   b - Ensorcelled Hibernation        Hexes/Ice                    2
   c - Confuse                        Hexes                        3
   d - Tukima's Dance                 Hexes                        3
   e - Dazzling Spray                 Conjuration/Hexes            3
 j - a book of Battle

   Spells                             Type                      Level
   a - Infusion                       Charms                       1
   b - Shroud of Golubria             Charms/Translocation         2
   c - Song of Slaying                Charms                       2
   d - Spectral Weapon                Hexes/Charms                 3
   e - Regeneration                   Charms/Necromancy            3
 k - a Necronomicon

   Spells                             Type                      Level
   a - Haunt                          Necromancy/Summoning         7
   b - Borgnjor's Revivification      Necromancy                   8
   c - Death's Door                   Charms/Necromancy            8
   d - Infestation                    Necromancy                   8
   e - Necromutation                  Transmutation/Necromancy     8
Comestibles
 d - a bread ration
 r - a royal jelly


   Skills:
 + Level 1.4 Fighting
 + Level 6.5 Short Blades
 + Level 9.4 Dodging
 + Level 19.6 Stealth
 + Level 8.3 Spellcasting
 + Level 12.9 Hexes
 + Level 1.2 Ice Magic


You had 21 spell levels left.
You knew the following spells:

 Your Spells              Type           Power        Failure   Level  Hunger
a - Corona                Hex            #####..      1%          1    None
b - Ensorcelled Hibernat  Hex/Ice        ####..       1%          2    None


Dungeon Overview and Level Annotations

Branches:
Dungeon (1/1)

Altars:
Cheibriados
Dithmenos
Elyvilon
Fedhas
Gozag
Hepliaklqana
Kikubaaqudgha
Makhleb
Nemelex Xobeh
Okawaru
Qazlal
Ru
Sif Muna
Trog
Uskayaw
Vehumet
Xom
Yredelemnul
Zin
The Shining One
Beogh
Jiyva
Lugonu


Innate Abilities, Weirdness & Mutations

You are very small and have problems with some larger weapons.
You are too small for most types of armour.
You have supernaturally acute eyesight. (SInv)
You are a herbivore.
You cover ground extremely quickly.
You need consume almost no food.


Message History

A centaur comes into view.
A centaur and a centaur warrior come into view.
There is an open door here.
Casting: Ensorcelled Hibernation
Confirm with . or Enter, or press ? or * to list all spells.
Aiming: Ensorcelled Hibernation
Press: ? - help, Shift-Dir - straight line, f - centaur
Aim: a centaur (umbra, chance to defeat MR: 58%)
The centaur looks drowsy...
The centaur warrior wields a runed longbow.
It bursts into flame!
The centaur warrior shoots an arrow.
The arrow hits you!!
Ouch! That really hurt!
The arrow burns you.
The helpless centaur fails to defend itself.
You perforate the centaur like a sieve!!!!
You kill the centaur!
Dithmenos accepts your kill.
You can now step into the shadows of nearby creatures.
The centaur warrior shoots an arrow.
The arrow hits you!!
You die...

####### __[#__#
__)#._# '###'##
......# ......#
#####'#
__#...#+#############
__#...#.§≈§§§.#.@...+
__#...#.#§§§#.#.#)c.#
__#...'.#§§§#.#.#c..#
__'...#.#§).#...#...#
▓▓▓▓▓▓▓▓▓▓▓▓▓▓▓▓▓▓▓▓#


You could see a centaur warrior and a centaur.

Vanquished Creatures
  Josephine (D)
  A deep elf mage (D)
  A shadow (D)
  A spatial vortex (D)
  A necrophage (D)
  A centaur (D)
  An earth elemental (D)
  A water elemental (D)
  A scorpion (D)
  A jelly (D)
  A wizard (D)
  A necromancer (D)
  3 humans (D)
  A kobold demonologist (D)
  4 rats (D)
20 creatures vanquished.

Vanquished Creatures (others)
  2 draconian scorchers (D)
  6 hellions (D)
  A yaktaur (D)
9 creatures vanquished.

Grand Total: 29 creatures vanquished

Notes
Turn   | Place    | Note
-------+----------+-------------------------------------------
     0 | D        | poirepourri the Spriggan Enchanter began the quest for the Orb.
     0 | D        | Reached XP level 1. HP: 9/9 MP: 5/5
    24 | D        | Reached skill level 5 in Stealth
    83 | D        | Killed a yaktaur
    87 | D        | Reached skill level 7 in Stealth
    87 | D        | Reached skill level 5 in Hexes
    87 | D        | Reached XP level 2. HP: 13/13 MP: 7/7
   105 | D        | Killed a hellion
   106 | D        | Killed a hellion
   106 | D        | Killed a hellion
   106 | D        | Killed a hellion
   107 | D        | Killed a hellion
   115 | D        | Killed a hellion
   128 | D        | Learned a level 2 spell: Ensorcelled Hibernation
   129 | D        | Noticed a scorpion
   137 | D        | Killed a scorpion
   137 | D        | Reached skill level 9 in Stealth
   137 | D        | Reached XP level 3. HP: 16/16 MP: 3/9
   137 | D        | Reached XP level 4. HP: 21/21 MP: 3/10
   172 | D        | Killed a white draconian scorcher
   250 | D        | Noticed a water elemental
   253 | D        | Killed a water elemental
   253 | D        | Reached skill level 5 in Dodging
   253 | D        | Reached skill level 10 in Stealth
   263 | D        | Found a radiant altar of Vehumet.
   263 | D        | Found a deep blue altar of Sif Muna.
   263 | D        | Found an ancient bone altar of Kikubaaqudgha.
   263 | D        | Noticed a wizard
   265 | D        | Killed a wizard
   265 | D        | Reached skill level 11 in Stealth
   265 | D        | Reached XP level 5. HP: 25/25 MP: 13/13
   304 | D        | Found a glowing silver altar of Zin.
   304 | D        | Found a glowing golden altar of the Shining One.
   304 | D        | Found a white marble altar of Elyvilon.
   305 | D        | Noticed a deep elf mage
   307 | D        | Killed a deep elf mage
   307 | D        | Reached skill level 14 in Stealth
   307 | D        | Reached skill level 10 in Hexes
   307 | D        | Reached XP level 6. HP: 29/29 MP: 13/16
   307 | D        | Reached XP level 7. HP: 32/32 MP: 13/17
   335 | D        | Killed a white draconian scorcher
   353 | D        | Found a hide-covered altar of Uskayaw.
   353 | D        | Found a roughly hewn altar of Beogh.
   353 | D        | Found an iron altar of Okawaru.
   353 | D        | Found a bloodstained altar of Trog.
   353 | D        | Noticed a human
   355 | D        | Noticed a human
   356 | D        | Killed a human
   356 | D        | Reached skill level 1 in Fighting
   356 | D        | Reached skill level 15 in Stealth
   358 | D        | Killed a human
   358 | D        | Reached skill level 5 in Short Blades
   358 | D        | Reached skill level 16 in Stealth
   358 | D        | Reached skill level 1 in Ice Magic
   380 | D        | Found a basalt altar of Yredelemnul.
   380 | D        | Found a shadowy altar of Dithmenos.
   380 | D        | Found a sacrificial altar of Ru.
   389 | D        | Became a worshipper of Dithmenos the Shadowed
   396 | D        | Noticed a shadow
   398 | D        | Killed a shadow
   398 | D        | Reached XP level 8. HP: 37/37 MP: 20/20
   409 | D        | Found a blossoming altar of Fedhas.
   409 | D        | Found a stormy altar of Qazlal.
   409 | D        | Found a snail-covered altar of Cheibriados.
   409 | D        | Found a burning altar of Makhleb.
   409 | D        | Found a shimmering altar of Xom.
   410 | D        | Found a hazy altar of Hepliaklqana.
   410 | D        | Found an opulent altar of Gozag.
   410 | D        | Found a sparkling altar of Nemelex Xobeh.
   410 | D        | Found a corrupted altar of Lugonu.
   410 | D        | Found a viscous altar of Jiyva.
   413 | D        | Reached * piety under Dithmenos
   413 | D        | Reached skill level 17 in Stealth
   425 | D        | Noticed Josephine
   428 | D        | Killed Josephine
   428 | D        | Reached skill level 19 in Stealth
   428 | D        | Reached XP level 9. HP: 41/41 MP: 20/22
   467 | D        | Noticed a centaur warrior
   469 | D        | Reached ** piety under Dithmenos
   469 | D        | Shot with an arrow by a centaur warrior

Vault maps used:
D:        dungeon_sprint_mu

Skill      XL: |  1  2  3  4  5  6  7  8 |
---------------+-------------------------+-----
Hexes          | 5 6 8 10 11 12 | 12.9
Stealth        | 7 9 11 14 16 19 | 19.6
Spellcasting   | 3 4 6 7 8 |  8.3
Short Blades   | 2 4 5 6 |  6.5
Dodging        | 4 5 7 8 9 |  9.4
Fighting       | 1 |  1.4
Ice Magic      | 1 |  1.2

Action                   |  1- 3 |  4- 6 |  7- 9 || total
-------------------------+-------+-------+-------++-------
Melee: Dagger            |    15 |     4 |    10 ||    29
 Cast: Ensorcelled Hiber |     2 |       |     2 ||     4
  Use: Scroll            |     3 |     5 |       ||     8
       Potion            |     1 |       |       ||     1
 Stab: Sleeping          |     4 |     4 |    10 ||    18
Armor: Robe              |     1 |       |       ||     1
Dodge: Dodged            |    12 |       |       ||    12
